 Dungeon Crawl Stone Soup version 0.23.2-33-g5129a83184 (webtiles) character file.

Game seed: 2948334102561339173

414354 Ykky the Severer (level 23, -5/134 HPs)
             Began as a Vine Stalker Gladiator on July 17, 2019.
             Was the Champion of the Shining One.
             Slain by a caustic shrike (8 damage)
             ... on level 3 of the Depths.
             The game lasted 03:36:53 (43431 turns).

Ykky the Severer (Vine Stalker Gladiator)          Turns: 43431, Time: 03:36:53

Health: -5/134     AC: 17    Str: 27    XL:     23   Next: 57%
Magic:  0/35       EV: 16    Int: 11    God:    the Shining One [******]
Gold:   3519       SH:  4    Dex: 18    Spells: 22/22 levels left

rFire    . . .     SeeInvis .   l - +9 executioner's axe (holy)
rCold    + . .     Gourm    .   (shield currently unavailable)
rNeg     + + +     Faith    .   X - +2 storm dragon scales {Bai Suzhen}
rPois    +         Spirit   +   c - +0 helmet
rElec    +         Reflect  +   I - +2 cloak {rPois}
rCorr    +         Harm     .   u - +0 pair of gloves
MR       ++++.                  (no boots)
Stlth    ..........             P - +4 amulet of reflection
HPRegen  1.12/turn              W - ring "Paosh" {rC+ MR++ Int+3}
MPRegen  0.24/turn              L - ring of resist corrosion

@: corroded, glowing
A: fangs 3, hooves 1, rugged brown scales 1, slimy green scales 1, blurry vision
2, regeneration 2, strong 1, magic shield, antimagic bite, no potion heal 3, rot
immunity
}: 2/15 runes: barnacled, gossamer
a: Divine Shield, Cleansing Flame, Summon Divine Warrior, Renounce Religion


You were on level 3 of the Depths.
You worshipped the Shining One.
The Shining One was exalted by your worship.
You were not hungry.

You visited 8 branches of the dungeon, and saw 39 of its levels.
You visited the Abyss 2 times.
You also visited: Ice Cave.

You collected 4347 gold pieces.
You spent 828 gold pieces at shops.

Inventory:

Hand Weapons
 l - a +9 executioner's axe of holy wrath (weapon)
 V - the +4 eveningstar "Goblin's Nightmare" {freeze, rF+}
   (You found it in an ice cave)

   It has been specially enchanted to freeze those struck by it, causing extra
   injury to most foes and up to half again as much damage against particularly
   susceptible opponents.
   It can also slow down cold-blooded creatures.
   It protects you from fire.
Missiles
 d - 9 throwing nets
 y - 4 silver tomahawks
 M - 21 steel javelins (quivered)
Armour
 c - a +0 helmet (worn)
 u - a +0 pair of gloves (worn)
 I - a +2 cloak of poison resistance (worn)
 S - a +1 cloak of cold resistance
 X - +2 storm dragon scales (worn) {Bai Suzhen}
Jewellery
 j - an uncursed ring of protection from fire
 m - the ring of Izoriotu {Fire rN+ Str+4 Int+3}
   (You found it on level 12 of the Dungeon)

   [ring of fire]

   It enhances your fire magic.
   It affects your strength (+4).
   It affects your intelligence (+3).
   It protects you from fire.
   It makes you vulnerable to cold.
   It protects you from negative energy.
 o - a +4 ring of evasion
 z - a +3 ring of dexterity
 L - a ring of resist corrosion (right hand)
 P - a +4 amulet of reflection (around neck)
 U - the ring "Soukhuy" {rF+ rN+++ Str-5 Int+5 Dex+4}
   (You took it off a wizard on level 13 of the Dungeon)

   [ring of intelligence]

   It affects your strength (-5).
   It affects your intelligence (+5).
   It affects your dexterity (+4).
   It protects you from fire.
   It renders you almost immune to negative energy.
 W - the ring "Paosh" (left hand) {rC+ MR++ Int+3}
   (You bought it in a shop on level 3 of the Shoals)

   [ring of intelligence]

   It affects your intelligence (+3).
   It protects you from cold.
   It affects your resistance to hostile enchantments.
Wands
 k - a wand of iceblast (30)
 n - a wand of acid (14)
 v - a wand of scattershot (1)
 Z - a wand of digging (10)
Scrolls
 b - 7 scrolls of fog
 g - 29 scrolls of remove curse
 h - 13 scrolls of amnesia
 i - 20 scrolls of teleportation
 p - 9 scrolls of magic mapping
 q - 10 scrolls of enchant weapon
 s - 2 scrolls of silence
 t - 4 scrolls of enchant armour
 A - 4 scrolls of blinking
 B - 12 scrolls of identify
 E - 4 scrolls of fear
 F - a scroll of holy word
 N - 3 scrolls of acquirement
 Q - 2 scrolls of summoning
Potions
 e - 5 potions of flight
 r - 2 potions of berserk rage
 w - a potion of curing
 x - 4 potions of haste
 C - 10 potions of might
 D - 3 potions of invisibility
 G - 4 potions of resistance
 H - 4 potions of magic
 J - 4 potions of cancellation
 K - 4 potions of ambrosia
 O - 7 potions of brilliance
 T - 7 potions of agility
 Y - 7 potions of mutation
Comestibles
 f - 53 rations


   Skills:
 + Level 17.4 Fighting
 * Level 20.7 Axes
 - Level 1.7 Throwing
 + Level 16.0 Armour
 - Level 10.0 Dodging
 + Level 15.4 Invocations


You had 22 spell levels left.
You didn't know any spells.
Your spell library contained the following spells:

 Spells                   Type           Power        Failure   Level  Hunger
 Animate Skeleton         Necr           N/A          77%         1    ##.....
 Apportation              Tloc           #.....       77%         1    ##.....
 Beastly Appendage        Tmut           #.....       77%         1    ##.....
 Confusing Touch          Hex            #.....       77%         1    ##.....
 Corona                   Hex            #......      77%         1    ##.....
 Flame Tongue             Conj/Fire      #....        77%         1    ##.....
 Freeze                   Ice            #...         77%         1    ##.....
 Magic Dart               Conj           #...         77%         1    ##.....
 Shock                    Conj/Air       #...         77%         1    ##.....
 Summon Butterflies       Summ           #.......     77%         1    ##.....
 Summon Small Mammal      Summ           #...         77%         1    ##.....
 Blink                    Tloc           N/A          88%         2    ###....
 Call Imp                 Summ           #.......     88%         2    ###....
 Corpse Rot               Necr           N/A          88%         2    ###....
 Ensorcelled Hibernation  Hex/Ice        #.....       88%         2    ###....
 Searing Ray              Conj           #.....       88%         2    ###....
 Slow                     Hex            #.......     88%         2    ###....
 Sticks to Snakes         Tmut           #.......     88%         2    ###....
 Swiftness                Chrm/Air       #.......     88%         2    ###....
 Throw Flame              Conj/Fire      #.....       88%         2    ###....
 Throw Frost              Conj/Ice       #.....       88%         2    ###....
 Call Canine Familiar     Summ           #.......     98%         3    ####...
 Confuse                  Hex            #.......     98%         3    ####...
 Conjure Flame            Conj/Fire      #.......     98%         3    ####...
 Dazzling Spray           Conj/Hex       #.....       98%         3    ####...
 Inner Flame              Hex/Fire       #.......     98%         3    ####...
 Lesser Beckoning         Tloc           #.........   98%         3    ####...
 Mephitic Cloud           Conj/Pois/Air  #.......     98%         3    ####...
 Ozocubu's Armour         Chrm/Ice       #.......     98%         3    ####...
 Recall                   Summ/Tloc      N/A          98%         3    ####...
 Spider Form              Tmut/Pois      #.........   98%         3    ####...
 Static Discharge         Conj/Air       #.......     98%         3    ####...
 Stone Arrow              Conj/Erth      #.....       98%         3    ####...
 Summon Guardian Golem    Hex/Summ       #.......     98%         3    ####...
 Tukima's Dance           Hex            #.......     98%         3    ####...
 Airstrike                Air            #.........   100%        4    #####..
 Force Lance              Conj/Tloc      #.......     100%        4    #####..
 Fulminant Prism          Conj/Hex       #.........   100%        4    #####..
 Ice Form                 Ice/Tmut       #.......     100%        4    #####..
 Iskenderun's Mystic Bla  Conj           #.......     100%        4    #####..
 Leda's Liquefaction      Hex/Erth       #.........   100%        4    #####..
 Sticky Flame             Conj/Fire      #.......     100%        4    #####..
 Summon Ice Beast         Ice/Summ       #.......     100%        4    #####..
 Summon Lightning Spire   Summ/Air       #.......     100%        4    #####..
 Throw Icicle             Conj/Ice       #.......     100%        4    #####..
 Alistair's Intoxication  Tmut/Pois      #.......     100%        5    ######.
 Aura of Abjuration       Summ           #.........   100%        5    ######.
 Blade Hands              Tmut           #.........   100%        5    ######.
 Bolt of Magma            Conj/Fire/Erth #.........   100%        5    ######.
 Fireball                 Conj/Fire      #.........   100%        5    ######.
 Lightning Bolt           Conj/Air       #.........   100%        5    ######.
 Summon Demon             Summ           #.........   100%        5    ######.
 Summon Forest            Summ/Tloc      #.........   100%        5    ######.
 Summon Mana Viper        Hex/Summ       #.......     100%        5    ######.
 Hydra Form               Tmut           #.........   100%        6    #######
 Invisibility             Hex            #.......     100%        6    #######
 Iron Shot                Conj/Erth      #.........   100%        6    #######
 Shadow Creatures         Summ           N/A          100%        6    #######
 Simulacrum               Ice/Necr       #.........   100%        6    #######
 Statue Form              Tmut/Erth      #........    100%        6    #######
 Malign Gateway           Summ/Tloc      #.........   100%        7    #######
 Summon Hydra             Summ           #.........   100%        7    #######
 Shatter                  Erth           #.........   100%        9    #######


Dungeon Overview and Level Annotations

Branches:
Dungeon (15/15)            Temple (1/1) D:4            Lair (6/6) D:9
 Shoals (4/4) Lair:3       Spider (4/4) Lair:2        Slime (0/5) Lair:5
    Orc (2/2) D:9             Elf (0/3) Orc:2        Vaults (4/5) D:14
  Crypt (0/3) Vaults:2     Depths (3/5) D:15

Altars:
Ashenzari
Cheibriados
Dithmenos
Elyvilon
Fedhas
Gozag
Hepliaklqana
Kikubaaqudgha
Makhleb
Nemelex Xobeh
Okawaru
Qazlal
Ru
Sif Muna
Trog
Uskayaw
Vehumet
Wu Jian
Xom
Yredelemnul
The Shining One

Shops:
D:4 !   D:5 ?   D:9 [   D:10 [   D:15 (   Orc:2 *!*}   Shoals:3 ((*
Vaults:1 [?   Vaults:2 =   Vaults:3 *   Depths:1 =

Portals:
Hell: Depths:1 Depths:2
Pandemonium: Depths:1
Ziggurat: Depths:2


Innate Abilities, Weirdness & Mutations

You have razor-sharp teeth.
You heal very quickly.
When hurt, damage is shared between your health and your magic reserves.
Your bite disrupts and absorbs the magic of your enemies.
Potions cannot restore your health.
You are immune to rotting.
You have large cloven feet.
You are partially covered in rugged brown scales. (AC +1, +3% HP)
You are partially covered in slimy green scales. (AC +2)
Scrolls take you longer to read.
Your muscles are strong. (Str +2)


Message History

Press: ? - help, v - describe, . - travel, g - get item
Here: a caustic shrike (moderately wounded, haloed)
A +0 dire flail.
There is something else lying underneath.
The floor, spattered with blood.
Unknown command.
Put on which piece of jewellery? (? for menu, Esc to quit)
You're wearing all the rings you can.
Remove which one? (? for menu, Esc to cancel) < or
W - the ring "Paosh" {rC+ MR++ Int+3} > or
m - the ring of Izoriotu {Fire rN+ Str+4 Int+3} You remove the ring of Izoriotu {Fire rN+ Str+4 Int+3}.
The caustic shrike claws you!
* * * LOW HITPOINT WARNING * * *
The acid corrodes you!
You are splashed with acid!
* * * LOW HITPOINT WARNING * * *
The caustic shrike misses you.
L - a ring of resist corrosion (right hand)
The caustic shrike claws you!
You die...

. . .b# #..
....#######.... #..
#.bb...b......###.... .
#..b)b)...###.......
.../#####b#####..........
........@b...............
.........................
............(............
.........................
..............(..........
.........................
.................).......
.........................
.....................


You could see 4 caustic shrikes.

Vanquished Creatures
  A greater mummy (Depths:2)
  Boris (twice) (Vaults:3 Depths:1)
  Bai Suzhen (Vaults:3)
  Margery (Vaults:3)
  Nikola (Depths:2)
  Arachne (Spider:2)
  Rupert (Orc:2)
  2 liches
  A tentacled monstrosity (Depths:3)
  Asterion (Depths:1)
  Frances (D:12)
  Gastronok (D:12)
  2 sphinxes
  2 tentacled starspawn (Abyss:2)
  A tengu reaver (Depths:2)
  2 fire giants
  6 frost giants
  7 vault wardens
  8 emperor scorpions
  2 deep elf sorcerers
  4 ghost moths
  Aizul (Shoals:1)
  An orc warlord (Orc:1)
  A balrug (Abyss:2)
  The ghost of Magireb the Swashbuckler, an adept VSGl of Uskayaw (Depths:1)
  11 ironheart preservers
  8 very ugly things
  An ophan (Abyss:2)
  15 stone giants
  An entropy weaver (Spider:4)
  6 spark wasps
  The ghost of Qoypruj the Cruncher, a journeyman MiGl of the Shining One (Lair:5)
  Snorg (Lair:5)
  2 merfolk javelineers
  A crystal guardian (Vaults:4)
  3 ettins
  An eidolon (Vaults:2)
  3 fire dragons (Depths:2)
  The ghost of KamiKatze the Thaumaturge, a journeyman SpCj of Vehumet (D:12)
  5 merfolk impalers
  2 deep elf death magi
  6 yaktaur captains
  4 ice dragons
  A great orb of eyes (Depths:2)
  12 vault guards
  Erolcha (Orc:1)
  5 rakshasas
  Fannar (Orc:1)
  An alligator snapping turtle (Shoals:4)
  8 merfolk aquamancers (Shoals:4)
  10 hydras
  5 merfolk avatars
  16 ogre magi
  A satyr (Shoals:3)
  18 centaur warriors
  A catoblepas (Lair:6)
  4 deep troll shamans
  37 two-headed ogres
  4 tengu warriors
  3 thrashing horrors
  12 death yaks
  2 sun demons (Abyss:2)
  4 orc high priests
  A titan zombie (Depths:2)
  A soul eater (Depths:1)
  Sonja (Lair:5)
  4 shadow wraiths
  A sixfirhy (Abyss:2)
  4 wretched stars
  8 hell knights
  2 golden dragon zombies (Depths:2)
  A fire crab (shapeshifter) (Vaults:3)
  5 deep elf knights
  A spark wasp zombie (Depths:2)
  3 skeletal warriors (Vaults:1)
  9 sea snakes
  16 deep trolls
  A flayed ghost (Vaults:3)
  3 unseen horrors
  A shadow demon (Depths:1)
  7 wizards
  6 deep elf archers
  17 harpies
  2 phantasmal warriors (Vaults:2)
  A shadow dragon zombie (Depths:2)
  10 orc knights
  21 orb spiders
  A harpy (shapeshifter) (Depths:3)
  11 ironbrand convokers
  5 necromancers
  A wolf spider zombie (D:15)
  5 cyclopes
  A stone giant zombie (Depths:2)
  11 ugly things
  A fire giant zombie (Depths:2)
  19 manticores
  A frost giant zombie (Depths:2)
  8 orc sorcerers
  A salamander (shapeshifter) (Vaults:1)
  10 deep elf magi
  2 centaur zombies
  23 wolf spiders
  An orb spider (shapeshifter) (Abyss:2)
  11 fauns
  17 elephants
  A rust devil (Depths:1)
  2 moths of wrath
  2 apocalypse crabs
  A guardian serpent (shapeshifter) (Vaults:2)
  3 black mambas
  10 vault sentinels
  6 water nymphs
  8 merfolk sirens
  2 naga magi (D:15)
  4 torpor snails
  28 spiny frogs
  A rime drake (shapeshifter) (Depths:2)
  2 ice statues (IceCv)
  A smoke demon (Abyss:2)
  4 gargoyles
  4 centaur skeletons
  3 efreet
  A komodo dragon (shapeshifter) (Vaults:4)
  2 freezing wraiths (Vaults:1)
  A tormentor (Abyss:2)
  6 rime drakes
  8 komodo dragons
  A kobold demonologist (D:12)
  A hellwing (Abyss:2)
  10 ice devils
  4 ancient zymes (Abyss:2)
  12 demonic crawlers
  3 guardian mummies (Depths:2)
  37 yaktaurs
  A tengu conjurer (Depths:1)
  10 trolls
  24 merfolk
  3 meliai (D:15)
  7 wind drakes
  27 jumping spiders
  15 tyrant leeches
  A jumping spider (shapeshifter) (Depths:1)
  A harpy skeleton (Abyss:2)
  An ettin zombie (Depths:2)
  A raiju (shapeshifter) (Vaults:1)
  16 blink frogs
  7 hornets
  A frost giant simulacrum (Vaults:3)
  A dream sheep (shapeshifter) (Vaults:4)
  19 hippogriffs
  23 slime creatures
  3 dream sheep (Shoals:2)
  A hippogriff (shapeshifter) (Depths:1)
  A stone giant simulacrum (Vaults:3)
  6 snapping turtles
  A flying skull (Vaults:2)
  84 redbacks
  4 shadows
  5 centaur simulacra
  A tarantella (shapeshifter) (Vaults:3)
  15 water elementals
  An air elemental (Abyss:2)
  8 large abominations
  2 ynoxinuls (Abyss:2)
  A vampire (D:14)
  27 tarantellas
  2 wyverns
  A wraith (D:13)
  A golden eye (shapeshifter) (Depths:2)
  A fire bat (Abyss:2)
  Grum (Lair:1)
  6 basilisks
  4 chaos spawn
  74 yaks
  2 hungry ghosts (D:9)
  9 vampire mosquitoes
  3 neqoxecs
  2 wargs
  2 human zombies (Depths:2)
  A naga (shapeshifter) (D:15)
  4 swamp worms (Spider:1)
  A warg (shapeshifter) (Depths:2)
  4 soldier ants
  Duvessa (D:4)
  9 water moccasins
  2 acid dragons
  A small abomination (Abyss:2)
  11 porcupines
  A floating eye (Depths:2)
  32 orc warriors
  6 sky beasts
  3 black bears
  2 phantoms (D:9)
  3 eyes of draining
  5 ice beasts
  4 boggarts (Depths:1)
  31 ogres
  A necrophage (D:14)
  32 centaurs
  4 wolves (Lair:1)
  Blork the orc (D:5)
  2 big kobolds (D:9)
  17 crocodiles
  37 bullfrogs
  4 earth elementals (Abyss:3)
  5 gnoll sergeants (D:9)
  A wyvern zombie (D:13)
  4 scorpions
  Dowan (D:4)
  3 wights (D:10)
  3 killer bees (D:13)
  2 howler monkeys (D:11)
  2 electric eels (Lair:6)
  5 crimson imps
  A wyvern simulacrum (D:12)
  4 quasits
  3 bullfrog zombies
  3 bullfrog skeletons
  4 hounds
  17 jellies
  22 orc priests
  Crazy Yiuf (D:4)
  3 iron imps (Depths:1)
  An iguana (D:7)
  17 orc wizards
  14 worker ants
  4 bullfrog simulacra (D:12)
  2 hound zombies
  A hound skeleton (D:9)
  8 mummies (Depths:2)
  2 worker ant zombies (D:11)
  9 gnolls
  A howler monkey skeleton (D:11)
  5 adders
  5 shadow imps
  10 white imps
  12 ufetubi
  An adder zombie (D:5)
  9 oozes
  3 adder skeletons
  3 worms
  5 dart slugs
  3 leopard geckos
  88 orcs
  2 ball pythons
  9 giant cockroaches
  8 goblins
  10 hobgoblins
  4 jackals (D:1)
  7 kobolds
  4 quokkas
  4 bats
  2 frilled lizards (D:1)
  13 rats
  5 fungi
  A lurking horror (Abyss:2)
  2 plants
  2 starspawn tentacles (Abyss:2)
1698 creatures vanquished.

Vanquished Creatures (collateral kills)
  A golden dragon (Depths:1)
1 creature vanquished.

Vanquished Creatures (others)
  A reaper (IceCv)
  A merfolk javelineer (Shoals:4)
  A vault guard (D:14)
  A wizard (Vaults:3)
  A torpor snail (Spider:2)
  A jumping spider (Spider:4)
  A hippogriff (D:15)
  2 ufetubi (IceCv)
  17 fungi
  61 plants
  6 starspawn tentacles (Abyss:2)
93 creatures vanquished.

Grand Total: 1792 creatures vanquished

Notes
Turn   | Place    | Note
-------+----------+-------------------------------------------
     0 | D:1      | Ykky the Vine Stalker Gladiator began the quest for the
                  | Orb.
     0 | D:1      | Reached XP level 1. HP: 11/11 MP: 2/2
     1 | D:1      | Found a runed translucent door.
    31 | D:1      | Reached XP level 2. HP: 15/15 MP: 1/3
    85 | D:1      | Reached skill level 3 in Axes
   319 | D:1      | Reached XP level 3. HP: 14/18 MP: 2/4
  1194 | D:3      | Reached skill level 1 in Armour
  1833 | D:3      | Gained mutation: Your natural rate of healing is unusually
                  | fast. [Vine Stalker growth]
  1833 | D:3      | Reached XP level 4. HP: 23/23 MP: 5/5
  2090 | D:4      | Found Koryhuyp's Distillery.
  2100 | D:4      | Bought a potion of degeneration for 10 gold pieces
  2100 | D:4      | Bought a potion of curing for 30 gold pieces
  2100 | D:4      | Bought a potion of flight for 30 gold pieces
  2125 | D:4      | Found a hazy altar of Hepliaklqana.
  2161 | D:4      | Noticed Duvessa
  2161 | D:4      | Noticed Dowan
  2177 | D:4      | Killed Dowan
  2180 | D:4      | Killed Duvessa
  2180 | D:4      | Reached skill level 4 in Axes
  2180 | D:4      | Reached XP level 5. HP: 20/28 MP: 4/6
  2202 | D:4      | Found a staircase to the Ecumenical Temple.
  2212 | Temple   | Entered the Ecumenical Temple
  2223 | Temple   | Became a worshipper of the Shining One
  2252 | D:4      | Reached XP level 6. HP: 30/32 MP: 5/7
  2692 | D:4      | Found a runed translucent door.
  2693 | D:4      | Noticed Crazy Yiuf
  2699 | D:4      | Killed Crazy Yiuf
  2756 | D:4      | Bought a potion of might for 40 gold pieces
  2769 | D:5      | Entered Level 5 of the Dungeon
  2794 | D:5      | Reached skill level 5 in Axes
  2794 | D:5      | Reached XP level 7. HP: 36/36 MP: 8/8
  2941 | D:5      | Found Goqaleaw's Magic Scroll Shop.
  2972 | D:5      | Bought a scroll of noise for 13 gold pieces
  2990 | D:5      | Reached * piety under the Shining One
  3008 | D:5      | Noticed Blork the orc
  3017 | D:5      | Killed Blork the orc
  3450 | D:6      | Gained mutation: You have razor-sharp teeth. [Vine Stalker
                  | growth]
  3450 | D:6      | Reached XP level 8. HP: 42/42 MP: 9/9
  3460 | D:6      | Reached skill level 6 in Axes
  3804 | D:5      | Bought a scroll of remove curse for 39 gold pieces
  3922 | D:7      | Noticed a hippogriff
  3929 | D:7      | Killed a hippogriff
  3951 | D:7      | Reached skill level 7 in Axes
  3988 | D:7      | Reached XP level 9. HP: 31/46 MP: 6/10
  3990 | D:7      | Reached ** piety under the Shining One
  4197 | D:7      | Reached skill level 5 in Fighting
  4200 | D:7      | Reached skill level 5 in Dodging
  4755 | D:8      | Found a sacrificial altar of Ru.
  4884 | D:8      | Found an ornate altar of the Wu Jian Council.
  4891 | D:8      | Found a white marble altar of Elyvilon.
  4898 | D:8      | Found an ancient bone altar of Kikubaaqudgha.
  4905 | D:8      | Found a hide-covered altar of Uskayaw.
  4912 | D:8      | Found a radiant altar of Vehumet.
  4919 | D:8      | Found a shimmering altar of Xom.
  4924 | D:8      | Found a deep blue altar of Sif Muna.
  5197 | D:8      | Reached skill level 8 in Axes
  5289 | D:9      | Found Qaycsor's Armour Shop.
  5302 | D:9      | Reached skill level 5 in Armour
  5420 | D:9      | Reached XP level 10. HP: 46/53 MP: 9/11
  5454 | D:9      | Reached skill level 9 in Axes
  5512 | D:9      | Found a staircase to the Lair.
  5782 | D:9      | Found a staircase to the Orcish Mines.
  5808 | D:9      | Reached *** piety under the Shining One
  5817 | D:9      | Reached skill level 1 in Invocations
  6488 | D:4      | Bought a potion of haste for 100 gold pieces
  6521 | D:5      | Bought a scroll of fear for 45 gold pieces
  6521 | D:5      | Bought a scroll of teleportation for 39 gold pieces
  6612 | Lair:1   | Entered Level 1 of the Lair of Beasts
  6687 | Lair:1   | Reached skill level 10 in Axes
  6687 | Lair:1   | Reached XP level 11. HP: 58/58 MP: 13/13
  6692 | Lair:1   | Noticed Grum
  6719 | Lair:1   | Killed Grum
  7927 | Lair:2   | Noticed a death yak
  7927 | Lair:2   | Noticed a death yak
  7927 | Lair:2   | Noticed a death yak
  8075 | Lair:1   | Killed a death yak
  8156 | Lair:2   | Noticed a four-headed hydra
  8166 | Lair:2   | Killed a four-headed hydra
  8220 | Lair:2   | Found a hole to the Spider Nest.
  8220 | Lair:2   | Noticed an orb spider
  8239 | Lair:2   | Killed an orb spider
  8598 | Lair:2   | Killed a death yak
  8601 | Lair:2   | Killed a death yak
  8810 | Lair:3   | Reached **** piety under the Shining One
  8837 | Lair:3   | Gained mutation: You heal very quickly. [Vine Stalker
                  | growth]
  8837 | Lair:3   | Reached XP level 12. HP: 65/65 MP: 16/16
  8846 | Lair:3   | Reached skill level 11 in Axes
  8883 | Lair:3   | Reached skill level 5 in Invocations
  9299 | Lair:3   | Found a staircase to the Shoals.
  9639 | Lair:4   | Noticed a four-headed hydra
  9665 | Lair:4   | Killed a four-headed hydra
  9762 | Lair:4   | Reached skill level 10 in Fighting
  9956 | Lair:4   | Reached XP level 13. HP: 72/72 MP: 18/18
 10024 | Lair:4   | Reached skill level 12 in Axes
 10826 | Lair:5   | Noticed Sonja
 10838 | Lair:5   | Killed Sonja
 11073 | Lair:5   | Found a runed translucent gate.
 11073 | Lair:5   | Found a runed translucent gate.
 11073 | Lair:5   | Found a runed translucent gate.
 11073 | Lair:5   | Noticed Qoypruj's ghost (journeyman MiGl)
 11117 | Lair:5   | Noticed Snorg
 11128 | Lair:5   | Killed Snorg
 11229 | Lair:5   | Found a staircase to the Slime Pits.
 11830 | Lair:5   | Killed Qoypruj's ghost
 11863 | Lair:6   | Entered Level 6 of the Lair of Beasts
 11967 | Lair:6   | Found a frozen archway.
 11976 | IceCv    | Entered an ice cave
 12018 | IceCv    | Reached ***** piety under the Shining One
 12275 | IceCv    | Killed a reaper
 12460 | IceCv    | Got an ancient eveningstar
 12470 | IceCv    | Reached skill level 10 in Armour
 12483 | IceCv    | Identified the +4 eveningstar "Goblin's Nightmare" {freeze,
                  | rF+} (You found it in an ice cave)
 13119 | Lair:6   | Reached XP level 14. HP: 79/79 MP: 20/20
 13203 | Lair:6   | Reached ****** piety under the Shining One
 13896 | Lair:6   | Reached skill level 13 in Axes
 13952 | Lair:6   | HP: 3/79 [spiny frog (9)]
 13956 | Lair:6   | The Shining One protects you from harm!
 13969 | Lair:6   | HP: 3/79 [spiny frog (11)]
 15903 | Orc:1    | Entered Level 1 of the Orcish Mines
 15903 | Orc:1    | Noticed Erolcha
 15962 | Orc:1    | Noticed Fannar
 16019 | Orc:1    | Killed Erolcha
 16061 | Orc:1    | Killed Fannar
 16219 | Orc:2    | Entered Level 2 of the Orcish Mines
 16384 | Orc:1    | Noticed an orc warlord
 16399 | Orc:1    | Killed an orc warlord
 16399 | Orc:1    | Reached XP level 15. HP: 29/84 MP: 17/22
 17163 | Orc:2    | Cast into level 3 of the Abyss (orc knight)
 17186 | Abyss:3  | Gained mutation: You tend to lose your temper in combat. [a
                  | neqoxec]
 17187 | Abyss:3  | Gained mutation: You are clumsy. (Dex -2) [a neqoxec]
 17398 | Orc:2    | Escaped the Abyss
 17533 | Orc:2    | Found Fets's Distillery.
 17533 | Orc:2    | Found Hailiat's Assorted Antiques.
 17535 | Orc:2    | Found Qeiloonk's Assorted Antiques.
 17535 | Orc:2    | Found Qauraschu's Gadget Boutique.
 17541 | Orc:2    | Bought a scroll of identify for 72 gold pieces
 17541 | Orc:2    | Bought a scroll of identify for 72 gold pieces
 17546 | Orc:2    | Bought a potion of resistance for 120 gold pieces
 17572 | Orc:2    | Found a staircase to the Elven Halls.
 17577 | Orc:2    | Identified 2 scrolls of acquirement
 17605 | Orc:2    | Noticed Rupert
 17628 | Orc:2    | Killed Rupert
 17628 | Orc:2    | Reached skill level 14 in Axes
 17655 | Orc:2    | Identified a +8 executioner's axe of holy wrath (a +6
                  | antimagic executioner's axe blessed by the Shining One)
 17655 | Orc:2    | Received a gift from the Shining One
 18015 | D:9      | Lost mutation: You tend to lose your temper in combat.
                  | [potion of mutation]
 18015 | D:9      | Lost mutation: You are clumsy. (Dex -2) [potion of
                  | mutation]
 18015 | D:9      | Gained mutation: Your muscles are strong. (Str +2) [potion
                  | of mutation]
 18015 | D:9      | Gained mutation: You have large cloven feet. [potion of
                  | mutation]
 18015 | D:9      | Gained mutation: You are partially covered in slimy green
                  | scales. (AC +2) [potion of mutation]
 18015 | D:9      | Gained mutation: You are partially covered in rugged brown
                  | scales. (AC +1, +3% HP) [potion of mutation]
 18050 | D:10     | Entered Level 10 of the Dungeon
 18224 | D:10     | Found Gozavy's Weapon Emporium.
 18226 | D:10     | Found Cheibriados's Comfort Zone.
 18263 | D:10     | Found a snail-covered altar of Cheibriados.
 18831 | D:11     | Found an opulent altar of Gozag.
 18909 | D:11     | Got a slimy scale mail
 19180 | D:12     | Noticed Gastronok
 19190 | D:12     | Killed Gastronok
 19215 | D:12     | Noticed Frances
 19230 | D:12     | Killed Frances
 19274 | D:12     | Found a runed translucent gate.
 19274 | D:12     | Found a runed translucent gate.
 19274 | D:12     | Found a runed translucent gate.
 19378 | D:12     | Reached XP level 16. HP: 64/93 MP: 14/23
 19525 | D:12     | Identified the Catalogue of Cold and Summoning
 19717 | D:12     | Noticed KamiKatze's ghost (journeyman SpCj)
 19843 | D:12     | Killed KamiKatze's ghost
 19945 | D:12     | Got the ring of Izoriotu {Fire}
 19954 | D:12     | Identified the ring of Izoriotu {Fire rN+ Str+4 Int+3} (You
                  | found it on level 12 of the Dungeon)
 20069 | D:13     | Identified the cursed +0 scale mail of Omission {Dex+3}
                  | (You found it on level 11 of the Dungeon)
 20412 | D:13     | Identified the ring "Gesiask" {rC- rN+ Int+3 Dex+3}
 20426 | D:13     | Identified the ring "Soukhuy" {rF+ rN+++ Str-5 Int+5 Dex+4}
 20472 | D:13     | Got a vibrating copper amulet
 20484 | D:13     | Got a pitted ivory ring
 21108 | D:13     | Identified the amulet "Wecs" {Inacc rF+} (You found it on
                  | level 13 of the Dungeon)
 21113 | D:13     | Identified the ring of Descent {+Blink Slay+2 Stlth+} (You
                  | found it on level 13 of the Dungeon)
 21211 | D:14     | Found a shadowy altar of Dithmenos.
 21741 | D:14     | Found a gate to the Vaults.
 21856 | D:14     | Found a shadowy altar of Dithmenos.
 22000 | D:15     | Entered Level 15 of the Dungeon
 22183 | D:15     | Reached skill level 15 in Axes
 22292 | D:15     | Reached XP level 17. HP: 87/98 MP: 25/25
 22339 | D:15     | Found Muathod's Antique Weapon Emporium.
 22458 | D:15     | Found a staircase to the Depths.
 22485 | D:15     | Reached skill level 10 in Invocations
 22897 | Spider:1 | Entered Level 1 of the Spider Nest
 24869 | Spider:2 | Noticed Arachne
 25287 | Shoals:1 | Entered Level 1 of the Shoals
 25550 | Shoals:1 | Noticed Aizul
 25559 | Shoals:1 | Killed Aizul
 26186 | Shoals:2 | Reached skill level 16 in Axes
 26186 | Shoals:2 | Reached XP level 18. HP: 50/105 MP: 24/27
 26667 | Shoals:2 | Reached XP level 19. HP: 97/110 MP: 26/28
 26840 | Shoals:3 | Found Giubrion's Assorted Antiques.
 26851 | Shoals:3 | Bought a translucent iron ring for 190 gold pieces
 26851 | Shoals:3 | Identified the ring "Paosh" {rC+ MR++ Int+3} (You bought it
                  | in a shop on level 3 of the Shoals)
 26997 | Shoals:3 | Found Lem Hiwo's Weapon Shoppe.
 27094 | Shoals:3 | Found Mownaojo's Antique Weapon Boutique.
 27574 | Shoals:4 | Entered Level 4 of the Shoals
 27913 | Shoals:4 | Got a crude fustibalus
 27914 | Shoals:4 | Identified the +3 fustibalus of the Vestibule of Hell
                  | {venom, rC+ Stlth+} (You found it on level 4 of the Shoals)
 28373 | Shoals:4 | Got a barnacled rune of Zot
 28997 | Vaults:1 | Entered Level 1 of the Vaults
 29113 | Vaults:1 | Found Heanurent's Magic Scroll Shoppe.
 29119 | Vaults:1 | Bought a scroll of identify for 28 gold pieces
 29337 | Vaults:1 | Reached skill level 10 in Dodging
 29541 | Vaults:1 | Reached skill level 15 in Fighting
 29550 | Vaults:1 | Reached skill level 17 in Axes
 29882 | Vaults:1 | Found Iplairuiv's Armour Shoppe.
 30146 | Vaults:1 | Reached XP level 20. HP: 109/116 MP: 30/30
 30535 | Vaults:2 | Found a staircase to the Crypt.
 30813 | Vaults:2 | Found an iron altar of Okawaru.
 31016 | Vaults:2 | HP: 1/117 [stone giant (21)]
 31254 | Vaults:2 | Found Uffysm's Jewellery Emporium.
 31745 | Vaults:3 | Noticed Bai Suzhen
 31759 | Vaults:3 | Killed Bai Suzhen
 31765 | Vaults:3 | Reached skill level 18 in Axes
 32288 | Vaults:3 | Found Dotawita's Assorted Antiques.
 32628 | Vaults:3 | Noticed Margery
 32640 | Vaults:3 | Killed Margery
 32647 | Vaults:3 | Reached XP level 21. HP: 98/122 MP: 31/31
 32789 | Vaults:3 | Noticed Boris
 32794 | Vaults:3 | Killed Boris
 34448 | Vaults:4 | Reached skill level 19 in Axes
 34991 | Depths:1 | Entered Level 1 of the Depths
 35006 | Depths:1 | Reached skill level 15 in Armour
 35016 | Depths:1 | Noticed Boris
 35208 | Depths:1 | Killed Boris
 35213 | Depths:1 | Found Istrep's Jewellery Emporium.
 35648 | Depths:1 | Noticed Asterion
 35658 | Depths:1 | Reached XP level 22. HP: 81/128 MP: 33/33
 35680 | Depths:1 | Killed Asterion
 36167 | Depths:1 | Found a gateway to Hell.
 36331 | Depths:1 | Found a runed translucent door.
 36336 | Depths:1 | Noticed a golden dragon
 36336 | Depths:1 | Noticed Magireb's ghost (adept VSGl)
 36345 | Depths:1 | Killed Magireb's ghost
 36349 | Depths:1 | Killed a golden dragon
 36447 | Depths:1 | Gained mutation: Scrolls take you a little longer to read.
                  | [a neqoxec]
 36450 | Depths:1 | Gained mutation: Scrolls take you longer to read. [a
                  | neqoxec]
 36459 | Depths:1 | Found a one-way gate leading to the halls of Pandemonium.
 36967 | Depths:2 | Cast into level 2 of the Abyss (hell knight)
 37672 | Depths:2 | Escaped the Abyss
 37962 | Depths:2 | Noticed a greater mummy
 37967 | Depths:2 | Killed a greater mummy
 37967 | Depths:2 | Reached skill level 20 in Axes
 38174 | Depths:2 | Found a gateway to a ziggurat.
 38310 | Depths:2 | Paralysed by a floating eye for 3 turns
 38323 | Depths:2 | Found an iron altar of Okawaru.
 38371 | Depths:2 | Noticed Nikola
 38382 | Depths:2 | Killed Nikola
 38506 | Depths:2 | Got a warped chain mail
 38511 | Depths:2 | Identified the +7 chain mail of the Ant {rC+ MP-9 SInv}
                  | (You found it on level 2 of the Depths)
 38892 | Depths:2 | Got a transparent plate armour
 38895 | Depths:2 | Identified the cursed +1 plate armour of the Will of the
                  | Gods {MR+ rCorr Str+4 Dex-5} (You found it on level 2 of
                  | the Depths)
 40228 | Spider:2 | Killed Arachne
 40228 | Spider:2 | Reached XP level 23. HP: 126/133 MP: 35/35
 40714 | Spider:3 | Reached skill level 15 in Invocations
 40742 | Spider:3 | Paralysed by a hornet for 2 turns
 40746 | Spider:3 | HP: 6/133 [hornet (5)]
 40752 | Spider:3 | HP: 4/133 [demonic crawler (3)]
 40884 | Spider:3 | Paralysed by a hornet for 2 turns
 41387 | Spider:4 | Entered Level 4 of the Spider Nest
 42402 | Spider:4 | Got a gossamer rune of Zot
 43418 | Depths:3 | Noticed a caustic shrike
 43419 | Depths:3 | Noticed a caustic shrike
 43420 | Depths:3 | Noticed a caustic shrike
 43420 | Depths:3 | Noticed a caustic shrike
 43422 | Depths:3 | Noticed a caustic shrike
 43430 | Depths:3 | HP: 2/134 [acid (5)]
 43431 | Depths:3 | Slain by a caustic shrike

Skill      XL: |  1  2  3  4  5  6  7  8  9 10 11 12 13 14 15 16 17 18 19 20 21 22 23 |
---------------+----------------------------------------------------------------------+-----
Fighting       | 2 3 4 6 7 8 10 11 12 13 14 15 16 17 | 17.4
Axes           | 3 4 5 7 8 10 11 12 13 14 15 16 17 18 19 20 | 20.7
Armour         | 1 2 3 5 6 7 9 10 11 12 13 14 15 16 | 16.0
Dodging        | 3 4 5 6 7 8 9 10 | 10.0
Invocations    | 2 4 5 7 8 9 10 11 12 13 14 15 | 15.4
Throwing       | |  1.7

Action                   |  1- 3 |  4- 6 |  7- 9 | 10-12 | 13-15 | 16-18 | 19-21 | 22-24 || total
-------------------------+-------+-------+-------+-------+-------+-------+-------+-------++-------
Melee: War axe           |   112 |    70 |    14 |       |       |       |       |       ||   196
       Bite              |    27 |    19 |    80 |   197 |   441 |   208 |   363 |   304 ||  1639
       Broad axe         |       |       |   191 |   107 |       |       |       |       ||   298
       Battleaxe         |       |       |       |   360 |   203 |       |       |       ||   563
       Spear             |       |       |       |    21 |    10 |       |       |       ||    31
       Eveningstar       |       |       |       |       |   625 |    15 |       |       ||   640
       Executioner's axe |       |       |       |       |   149 |   589 |   852 |   678 ||  2268
       Kick              |       |       |       |       |    55 |   223 |   386 |   327 ||   991
Throw: Throwing net      |       |       |     1 |       |       |       |     1 |       ||     2
       Tomahawk          |       |       |     2 |       |    22 |       |       |       ||    24
       Javelin           |       |       |       |       |       |       |    11 |    17 ||    28
Invok: Divine Shield     |       |       |       |       |     8 |     2 |     7 |     6 ||    23
       Cleansing Flame   |       |       |       |       |     1 |       |       |       ||     1
       Brand Weapon With |       |       |       |       |     1 |       |       |       ||     1
       Summon Divine War |       |       |       |       |       |       |       |     2 ||     2
Evoke: Wand              |       |       |       |       |    11 |       |    12 |     6 ||    29
  Use: Scroll            |       |       |       |     1 |    27 |     5 |     5 |     5 ||    43
       Potion            |       |       |       |       |     2 |     6 |     2 |     3 ||    13
  Eat: Chunk             |     2 |     4 |    11 |    11 |    30 |    21 |    31 |    21 ||   131
       Ration            |       |       |       |     1 |     1 |     1 |       |     2 ||     5
Armor: Leather armour    |     2 |       |       |       |       |       |       |       ||     2
       Chain mail        |    23 |       |    37 |    67 |       |       |       |       ||   127
       Plate armour      |    36 |    57 |    69 |   221 |   747 |   626 |   446 |       ||  2202
       Storm dragon scal |       |       |       |       |       |       |   145 |   528 ||   673
Dodge: Dodged            |    52 |    42 |   146 |   331 |   665 |   610 |   629 |   563 ||  3038
Block: Other             |       |       |       |       |    21 |   152 |   238 |   198 ||   609
       Reflection        |       |       |       |       |       |    14 |    18 |     6 ||    38
